 Dungeon Crawl Stone Soup version 0.27.0-1-g7a089689b8 (webtiles) character file.

Game seed: 16345792651869525337

9668 robertstho the Thaumaturge (level 11, -15/71 HPs)
             Began as a Djinni Fire Elementalist on Aug 4, 2021.
             Was an Initiate of Gozag.
             Shot with an arrow by a centaur warrior (32 damage)
             ... on level 9 of the Dungeon.
             The game lasted 00:15:11 (9100 turns).

robertstho the Thaumaturge (DjFE)                   Turns: 9100, Time: 00:15:11

Health: -15/71     AC:  5    Str:  7    XL:     11   Next: 78%
Gold:   1363       EV: 14    Int: 26    God:    Gozag SH:  0 Dex: 14

rFire    + + .     SeeInvis .   r - +1 dire flail (protect)
rCold    x . .     Faith    .   (shield currently unavailable)
rNeg     . . .     Spirit   .   a - +0 robe
rPois    ∞         Reflect  .   (no helmet)
rElec    .         Harm     .   I - scarf {+Inv}
rCorr    +         Rampage  .   A - +2 pair of gloves
Will     +....                  (boots unavailable)
Stlth    +++.......             j - amulet of regeneration
HPRegen  1.21/turn              d - ring "Nucziod" {rCorr Int+6}
MPRegen  0.00/turn              H - +4 ring of slaying

@: gold aura, flying
A: sickness immunity, fire resistance 2, cold vulnerability 1, float, innate
caster, hp casting, extra vitality 1
a: Renounce Religion, Evoke Invisibility, Potion Petition, Call Merchant, Bribe
Branch


You were on level 9 of the Dungeon.
You worshipped Gozag.
Gozag was most pleased with you.
You visited 2 branches of the dungeon, and saw 10 of its levels.

You collected 1581 gold pieces.
You spent 147 gold pieces at shops.
You paid 71 gold pieces to Gozag.

Inventory:

Hand Weapons
 b - a +0 short sword
 r - a +1 dire flail of protection (weapon)
 x - the +5 hand axe "Lian" {vorpal, MP+9}
   (You found it on level 4 of the Dungeon)

   It inflicts extra damage upon your enemies.
   MP:        It affects your magic capacity (+9).
Missiles
 M - 3 throwing nets
Armour
 a - a +0 robe (worn)
 A - a +2 pair of gloves (worn)
 I - a scarf of invisibility (worn)
Jewellery
 d - the ring "Nucziod" (left hand) {rCorr Int+6}
   (You acquired it on level 5 of the Dungeon)

   [ring of resist corrosion]

   Int:       It affects your intelligence (+6).
   rCorr:     It protects you from acid and corrosion.
 j - an amulet of regeneration (around neck)
 n - an amulet of the acrobat
 v - a ring of fire
 z - a ring of see invisible
 B - a +6 ring of strength
 H - a +4 ring of slaying (right hand)
Wands
 u - a wand of digging (11)
 y - a wand of iceblast (4)
 E - a wand of flame (25)
 O - a wand of paralysis (6)
Scrolls
 c - 3 scrolls of enchant armour
 e - 7 scrolls of teleportation {unknown}
 f - a scroll of noise {unknown}
 g - 5 scrolls of immolation
 k - a scroll of blinking {unknown}
 l - a scroll of fog {unknown}
 p - 4 scrolls of enchant weapon {unknown}
 q - 3 scrolls of summoning
 F - a scroll of magic mapping
 G - a scroll of vulnerability
 J - 2 scrolls of identify
 K - a scroll of fear {unknown}
Potions
 h - a potion of brilliance {unknown}
 m - 3 potions of degeneration {unknown}
 o - 3 potions of curing
 s - a potion of berserk rage {unknown}
 t - 3 potions of attraction {unknown}
 w - 3 potions of cancellation {unknown}
 C - a potion of ambrosia {unknown}
 D - 2 potions of might
 L - a potion of lignification {unknown}
 N - a potion of invisibility {unknown}


   Skills:
 + Level 3.2 Fighting
 + Level 3.9 Maces & Flails
 + Level 5.6 Dodging
 + Level 5.0 Stealth
 + Level 11.7 Spellcasting


You had 2 spell levels left.
You knew the following spells:

 Your Spells              Type           Power      Damage    Failure   Level
a - Foxfire               Conj/Fire      100%       2x1d9     1%          1
b - Conjure Flame         Conj/Fire      66%        6-21      1%          3
c - Inner Flame           Hex/Fire       66%        N/A       1%          3
d - Sticky Flame          Conj/Fire      66%        2d8       1%          4
e - Fireball              Conj/Fire      33%        3d14      1%          5
f - Animate Skeleton      Necr           100%       N/A       1%          1
g - Ensorcelled Hibernat  Hex/Ice        100%       N/A       1%          2
h - Spider Form           Tmut/Pois      33%        N/A       1%          3
i - Hailstorm             Conj/Ice       66%        3d14      1%          4
j - Agony                 Necr           66%        N/A       1%          5
Your spell library was empty.

Dungeon Overview and Level Annotations

Branches:
Dungeon (9/15)             Temple (1/1) D:4            Lair (0/6) D:9
    Orc: D:9-12

Altars:
Ashenzari
Cheibriados
Dithmenos
Elyvilon
Fedhas
Gozag
Hepliaklqana
Kikubaaqudgha
Makhleb
Nemelex Xobeh
Qazlal
Sif Muna
Trog
Uskayaw
Vehumet
Wu Jian
Xom
Yredelemnul
Zin

Shops:
D:5 :*

Annotations:
D:7 3 runed translucent doors, SkeletonJelly's ghost, amateur DrGl


Innate Abilities, Weirdness & Mutations

You are immune to sickness and miasma.
You are immune to poison.
Your flesh is very heat resistant. (rF++)
You are vulnerable to cold. (rC-)
You float through the air rather than walking.
You learn spells naturally, not from books.
Your magical power is your life essence.
You have superior vitality. (+4 HP)


Message History

Press: ? - help, Shift-Dir - straight line, f/p - centaur warrior
Aim: a centaur warrior, wielding a +0 longbow and quivering arrows (moderately wounded, unaware, hasn't noticed you)
The fireball explodes!
The fireball engulfs the centaur warrior!
The centaur warrior is heavily wounded.
The centaur warrior is no longer distracted by gold.
The centaur warrior shouts!
The centaur warrior shoots an arrow.
The arrow hits you!!
* * * LOW HITPOINT WARNING * * *
The centaur warrior shoots an arrow.
The arrow closely misses you.
You feel much better.
The centaur warrior is distracted by your dazzling golden aura.
Aiming: Iceblast
Press: ? - help, Shift-Dir - straight line, f/p - centaur warrior
Aim: a centaur warrior, wielding a +0 longbow and quivering arrows (heavily wounded, unaware, hasn't noticed you)
The mass of ice explodes!
The iceblast engulfs the centaur warrior.
The centaur warrior is severely wounded.
The centaur warrior is no longer distracted by gold.
The centaur warrior shouts!
The centaur warrior shoots an arrow.
The arrow closely misses you.
The centaur warrior shoots an arrow.
The arrow closely misses you.
Aiming: Iceblast
Press: ? - help, Shift-Dir - straight line, f/p - centaur warrior
Aim: a centaur warrior, wielding a +0 longbow and quivering arrows (severely wounded)
The mass of ice explodes!
The iceblast engulfs the centaur warrior!
The centaur warrior is almost dead.
The centaur warrior shoots an arrow.
The arrow hits you!!
* * * LOW HITPOINT WARNING * * *
Unknown command.
Aiming: Iceblast
Press: ? - help, Shift-Dir - straight line, f/p - centaur warrior
Aim: a centaur warrior, wielding a +0 longbow and quivering arrows (severely wounded)
The mass of ice explodes!
The iceblast engulfs the centaur warrior.
The centaur warrior is almost dead.
The centaur warrior shoots an arrow.
The arrow hits you!!
You die...
Your body crumbles into a pile of gold.

#.'...'...'. #########
#.#...#...# #........
#.##(###### #........
#.#...#(.[# #........
#.#...'...# #........
#.#...#..(# ###....##
#)##'###### #......
#.#...#...#... #......
#.#...@$..c...###......
#.#.(.#...#...#........
#.#############......##
#.#### ##'#........#.
#....#####..##'##....#.
###..#.....)'...#....#.
#..#......#...#....#.
#......#..#...#....#.
#......#..#...#>...#.


You could see a centaur warrior.

Vanquished Creatures
  Harold (D:8)
  A hydra (D:9)
  A two-headed ogre (D:9)
  A tengu warrior (D:9)
  Pikel (D:4)
  A cyclops (D:9)
  A manticore (D:9)
  Maggie (D:8)
  A tengu conjurer (D:9)
  A troll (D:9)
  Grinder (D:3)
  Prince Ribbit (D:8)
  Sigmund (D:2)
  A wyvern (D:9)
  A wraith (D:9)
  Grum (D:8)
  A vampire mosquito (D:9)
  Edmund (D:4)
  4 water moccasins
  3 orc warriors
  An ice beast (D:7)
  A sky beast (D:6)
  A hornet zombie (D:5)
  3 ogres (D:5)
  A boggart (D:9)
  2 centaurs
  A necrophage (D:8)
  3 wolves (D:8)
  3 kobold brigands
  A scorpion (D:9)
  5 bullfrogs
  A water moccasin skeleton (D:5)
  9 killer bees
  A howler monkey (D:5)
  2 centaur skeletons (D:5)
  2 bullfrog zombies (D:5)
  4 hounds
  2 jellies
  4 orc priests
  A bullfrog skeleton (D:6)
  2 gnoll shamans
  Ijyb (D:4)
  4 iguanas
  4 orc wizards
  10 gnolls
  8 adders
  A shadow imp (D:6)
  4 white imps
  An ufetubus (D:7)
  A worm (D:3)
  2 dart slugs
  20 orcs
  A ball python (D:4)
  A bat (D:2)
  6 endoplasms
  3 giant cockroaches
  2 goblins
  8 hobgoblins
  7 jackals
  4 quokkas
  2 frilled lizards
  22 kobolds
  2 rats
189 creatures vanquished.

Vanquished Creatures (collateral kills)
  A foxfire (D:4)
1 creature vanquished.

Vanquished Creatures (others)
  356 foxfires
  11 fungi (D:9)
  30 plants
397 creatures vanquished.

Grand Total: 587 creatures vanquished

Notes
Turn   | Place    | Note
-------+----------+-------------------------------------------
     0 | D:1      | robertstho the Djinni Fire Elementalist began the quest for
                  | the Orb.
     0 | D:1      | Reached XP level 1. HP: 15/15 MP: 0/0
    30 | D:1      | Found a faded altar of an unknown god.
   791 | D:1      | Reached XP level 2. HP: 18/21 MP: 0/0
   882 | D:2      | Noticed Sigmund
  1280 | D:2      | Killed Sigmund
  1281 | D:2      | Reached skill level 4 in Spellcasting
  1281 | D:2      | Reached XP level 3. HP: 5/25 MP: 0/0
  1281 | D:2      | Learned a level 1 spell: Animate Skeleton
  1281 | D:2      | Reached XP level 4. HP: 6/31 MP: 0/0
  1281 | D:2      | Reached XP level 5. HP: 7/35 MP: 0/0
  1281 | D:2      | Learned a level 2 spell: Ensorcelled Hibernation
  1915 | D:2      | Reached XP level 6. HP: 38/40 MP: 0/0
  2482 | D:3      | Noticed Grinder
  2495 | D:3      | Killed Grinder
  2496 | D:3      | Reached skill level 5 in Spellcasting
  2496 | D:3      | Reached XP level 7. HP: 18/45 MP: 0/0
  2496 | D:3      | Learned a level 3 spell: Spider Form
  3252 | D:4      | Found a stormy altar of Qazlal.
  3315 | D:4      | Found a staircase to the Ecumenical Temple.
  3322 | D:4      | Noticed Edmund
  3333 | D:4      | Killed Edmund
  3410 | Temple   | Entered the Ecumenical Temple
  3501 | Temple   | Became a worshipper of Gozag Ym Sagoz the Greedy
  3610 | D:4      | Noticed Pikel
  3627 | D:4      | Killed Pikel
  3628 | D:4      | Reached skill level 6 in Spellcasting
  3628 | D:4      | Reached XP level 8. HP: 31/51 MP: 0/0
  3901 | D:4      | Identified the +5 hand axe "Lian" {vorpal, MP+9}
  4199 | D:4      | Noticed Ijyb
  4210 | D:4      | Killed Ijyb
  5036 | D:5      | Entered Level 5 of the Dungeon
  5084 | D:5      | Reached skill level 7 in Spellcasting
  5113 | D:5      | Reached XP level 9. HP: 56/56 MP: 0/0
  5113 | D:5      | Learned a level 4 spell: Hailstorm
  5507 | D:5      | Reached skill level 1 in Fighting
  5507 | D:5      | Reached skill level 1 in Maces & Flails
  5531 | D:5      | Found Guqul's Self-Improvement Boutique.
  5583 | D:5      | Found Pagoewn's General Store.
  5592 | D:5      | Bought a scroll of identify for 28 gold pieces
  5592 | D:5      | Bought a scroll of immolation for 49 gold pieces
  5592 | D:5      | Bought a potion of heal wounds for 70 gold pieces
  5597 | D:5      | Identified a scroll of acquirement
  5600 | D:5      | Acquired the ring "Nucziod" {rCorr Int+6}
  5758 | D:5      | Reached skill level 8 in Spellcasting
  6028 | D:5      | Found a blossoming altar of Fedhas.
  6398 | D:6      | Found a hazy altar of Hepliaklqana.
  6461 | D:6      | Found a sparkling altar of Nemelex Xobeh.
  6612 | D:6      | Found a white marble altar of Elyvilon.
  6819 | D:7      | Found a burning altar of Makhleb.
  6823 | D:7      | Reached XP level 10. HP: 44/64 MP: 0/0
  6929 | D:7      | Found a runed translucent gate.
  6929 | D:7      | Found a runed translucent gate.
  6929 | D:7      | Found a runed translucent gate.
  6962 | D:7      | Noticed SkeletonJelly's ghost (amateur DrGl)
  7046 | D:7      | Found an ornate altar of the Wu Jian Council.
  7462 | D:8      | Found a broken altar of Ashenzari.
  7509 | D:8      | Reached skill level 9 in Spellcasting
  7538 | D:8      | Noticed Grum
  7548 | D:8      | Killed Grum
  7550 | D:8      | Reached skill level 5 in Dodging
  7727 | D:8      | Noticed Harold
  7731 | D:8      | Killed Harold
  7732 | D:8      | Reached skill level 10 in Spellcasting
  7734 | D:8      | Noticed Prince Ribbit
  7738 | D:8      | Killed Prince Ribbit
  7881 | D:8      | Noticed Maggie
  7885 | D:8      | Killed Maggie
  7886 | D:8      | Reached XP level 11. HP: 20/70 MP: 0/0
  7886 | D:8      | Learned a level 5 spell: Agony
  8712 | D:9      | Found a hide-covered altar of Uskayaw.
  8780 | D:9      | Found a staircase to the Lair.
  8883 | D:9      | Noticed a two-headed ogre
  8887 | D:9      | Killed a two-headed ogre
  8888 | D:9      | Reached skill level 11 in Spellcasting
  8929 | D:9      | Noticed a four-headed hydra
  8932 | D:9      | Noticed a tengu warrior
  8938 | D:9      | Killed a four-headed hydra
  8939 | D:9      | Reached skill level 5 in Stealth
  8949 | D:9      | Killed a tengu warrior
  9024 | D:9      | Noticed a manticore
  9027 | D:9      | Killed a manticore
  9044 | D:9      | Noticed a cyclops
  9056 | D:9      | Killed a cyclops
  9094 | D:9      | Noticed a centaur warrior
  9100 | D:9      | Shot with an arrow by a centaur warrior

Illustrated notes

Levels and vault maps discovered:
D:1:      tarquinn_simple_flora_water_e, layout_loops_cross,
          shapermc_ecumenical_altar_gd
D:2:      layout_loops_ring, minmay_misc_feat_doors, kennysheep_nub,
          uniq_sigmund
D:3:      layout_basic, uniq_grinder
D:4:      layout_gridville, overflow_temple_1_default,
          minmay_temple_entry_ruins, uniq_edmund, uniq_ijyb, uniq_pikel
D:5:      minmay_clustersquares, layout_basic, fedhas_altar_4, serial_shops,
          nicolae_shop_crystal, nicolae_shop_self_help
D:6:      layout_rooms, nicolae_hepliaklqana_hazy_memory, kennysheep_little_box,
          chequers_temple_overflow_statue_of_worship, kennysheep_crisscross
D:7:      layout_rooms, mainiacjoe_overflow_cross_hatched,
          nzn_wu_jian_council_hall, ebering_ghost_rock_garden
D:8:      layout_basic, mainiacjoe_overflow_surrounded_room,
          amcnicky_altar_gilded, uniq_harold, uniq_prince_ribbit1, uniq_grum,
          uniq_maggie
D:9:      layout_grid_maze, nicolae_uskayaw_dance_studio,
          grunt_lair_entry_orc_guard_hut, minmay_evil_grid
Temple:   chequers_temple_sunken

Skill      XL: |  1  2  3  4  5  6  7  8  9 10 11 |
---------------+----------------------------------+-----
Stealth        | 2 3 4 5 |  5.0
Spellcasting   | 4 5 6 7 8 10 11 | 11.7
Dodging        | 3 4 5 |  5.6
Fighting       | 1 2 3 |  3.2
Maces & Flails | 2 3 |  3.9

Action                   |  1- 3 |  4- 6 |  7- 9 | 10-12 || total
-------------------------+-------+-------+-------+-------++-------
Melee: Short sword       |     1 |       |       |       ||     1
       Dire flail        |       |       |    21 |     7 ||    28
 Cast: Foxfire           |    35 |    54 |   117 |     8 ||   214
       Ensorcelled Hiber |       |     5 |     4 |       ||     9
       Sticky Flame      |       |       |    18 |    14 ||    32
       Fireball          |       |       |    39 |    77 ||   116
       Hailstorm         |       |       |       |     2 ||     2
       Conjure Flame     |       |       |       |     1 ||     1
Evoke: Wand              |       |       |       |     3 ||     3
  Use: Scroll            |       |       |     8 |       ||     8
       Potion            |       |       |       |     3 ||     3
 Stab: Sleeping          |       |       |     3 |       ||     3
Armor: Robe              |     4 |     2 |    10 |    20 ||    36
Dodge: Dodged            |     6 |    15 |    24 |    41 ||    86
